AoeStats
← yuyupinga

QS Arena

503318347Analyzed
1v1 RM · 1mo ago on Aug 31, 2026· 61m 11s· 2 players
Game mode
Random Map
Map size
Tiny (2 player)
Population
200
Speed
Normal
Resources
Standard
Victory
Conquest
Starting age
Dark Age
Ending age
Imperial Age
RankedLock teamsTeams togetherTeam positionsShared explorationLock speedFull tech treeHidden civsTurbo modeCheats
Victory
Defeat
🇨🇳 Persians · China
661
+14
🇲🇽 Mongols · Mexico
624
-14
yuyupinga
1:47 Loom
9:30 Feudal Age
10:01 Double-Bit Axe
12:35 Wheelbarrow
11:46 Horse Collar
13:14 Gold Mining
16:45 Castle Age
16:18 Scale Barding Armor
16:07 Fletching
16:18 Padded Archer Armor
17:20 Bloodlines
18:05 Bow Saw
18:09 Husbandry
21:36 Light Cavalry
25:50 Hand Cart
27:41 Stone Mining
28:27 Gold Shaft Mining
27:52 Heavy Plow
31:41 Imperial Age
30:29 Chain Barding Armor
30:05 Bodkin Arrow
30:20 Forging
30:26 Leather Archer Armor
31:04 Ballistics
32:08 Elite Mangudai
33:08 Drill
33:10 Conscription
32:23 Capped Ram
32:42 Hussar
33:46 Siege Ram
35:49 Chemistry
34:53 Bracer
34:58 Guard Tower
41:22 Parthian Tactics
41:03 Thumb Ring
52:47 Elite Skirmisher
54:55 Squires
54:15 Pikeman
60:53 Masonry
Danny chan
8:57 Feudal Age
12:52 Castle Age
11:41 Double-Bit Axe
11:42 Horse Collar
14:29 Bow Saw
14:24 Heavy Plow
20:15 Fervor
22:22 Gold Mining
28:21 Imperial Age
27:26 Scale Barding Armor
29:07 Loom
29:58 Wheelbarrow
29:09 Town Watch
30:21 Chain Barding Armor
30:13 Forging
30:18 Bloodlines
31:08 Hand Cart
30:55 Town Patrol
32:22 Gold Shaft Mining
32:35 Husbandry
31:56 Cavalier
33:15 Plate Barding Armor
33:16 Iron Casting
32:43 Murder Holes
33:47 Conscription
34:04 Masonry
34:24 Elite Skirmisher
35:06 Savar
36:51 Blast Furnace
36:43 Hoardings
37:22 Herbal Medicine
42:29 Squires
42:34 Scale Mail Armor
44:43 Light Cavalry
45:42 Chain Mail Armor
45:41 Pikeman
46:07 Arson
47:02 Plate Mail Armor
46:08 Hussar
47:17 Halberdier
50:49 Padded Archer Armor
50:40 Fletching
51:25 Architecture
53:40 Citadels
54:02 Leather Archer Armor
53:43 Bodkin Arrow
53:56 Heated Shot
54:27 Ballistics
55:08 Chemistry
57:49 Kamandaran
58:51 Ring Archer Armor
61:36 Stone Mining
Connection lost

Rejoining the realm…

Still unreachable

The connection could not be restored.

Session expired

The server has moved on; the page needs a fresh start.